PL
PHILADELPHIA 1776 BC @ CHICAGO SILVER SOX
09/15/2037
 
TOP OF THE 1ST
Philadelphia 1776 BC batting - Pitching for Chicago Silver Sox : RHP Joe Pruitt
Pitching: RHP Joe Pruitt
Batting: RHB Román Ramírez 0-0: Foul Ball, location: 2F
0-1: Ball
1-1: Swinging Strike
1-2: Fly out, F9 (Flyball, 89S, EV 93.1 MPH)
Batting: RHB Mario Castillo 0-0: Called Strike
0-1: Ball
1-1: Foul Ball, location: 2F
1-2: Strikes out swinging
Batting: LHB Jake Grant 0-0: Foul Ball, location: 2F
0-1: Ball
1-1: Foul Ball, location: 2F
1-2: Strikes out swinging
Top of the 1st over - 0 runs, 0 hits, 0 errors, 0 left on base; Philadelphia 1776 0 - Chicago 0
BOTTOM OF THE 1ST
Chicago Silver Sox batting - Pitching for Philadelphia 1776 BC : RHP Yoo-chul Mun
Pitching: RHP Yoo-chul Mun
Batting: SHB Bren Spillane 0-0: Ball
1-0: Fly out, F7 (Flyball, 7S, EV 78.8 MPH)
Batting: RHB Jeff Reed 0-0: SINGLE (Line Drive, 78M, EV 100.0 MPH)
Batting: SHB Gerrie Bond 0-0: SINGLE (Line Drive, 7S, EV 101.9 MPH)
Jeff Reed to second
Batting: LHB Jonathan Gunner 0-0: Ball
1-0: Called Strike
1-1: Ball
2-1: Swinging Strike
2-2: Strikes out swinging
Batting: LHB Chris Fitzgerald 0-0: Called Strike
0-1: Foul Ball, location: 2F
0-2: Ball
1-2: Foul Ball, location: 2F
1-2: Fly out, F7 (Flyball, 7LS, EV 88.1 MPH)
Bottom of the 1st over - 0 runs, 2 hits, 0 errors, 2 left on base; Philadelphia 1776 0 - Chicago 0
TOP OF THE 2ND
Philadelphia 1776 BC batting - Pitching for Chicago Silver Sox : RHP Joe Pruitt
Batting: RHB Karl Blanke 0-0: Ball
1-0: Ball
2-0: Foul Ball, location: 2F
2-1: Swinging Strike
2-2: Ball
3-2: Foul Ball, location: 2F
3-2: SINGLE (Groundball, 4D, EV 96.2 MPH)
Batting: RHB Eddie Sachs 0-0: Foul Ball, location: 2F
0-1: Ball
1-1: Swinging Strike
1-2: SINGLE (Line Drive, 78S, EV 106.9 MPH)
Karl Blanke to second
Batting: RHB Carlos Mendoza 0-0: Ball
1-0: Ball
2-0: Called Strike
2-1: Called Strike
2-2: DOUBLE (Flyball, 8LXD, EV 94.4 MPH)
Karl Blanke scores
Eddie Sachs to third
Batting: RHB Arsenio Laurel 0-0: Called Strike
0-1: Swinging Strike
0-2: Ball
1-2: Ball
2-2: Ball
3-2: Base on Balls
Batting: RHB Gerold Olthof 0-0: Ball
1-0: Called Strike
1-1: Ground out 6-3 (Groundball, 6S, EV 68.8 MPH)
Eddie Sachs scores
Carlos Mendoza to third
Arsenio Laurel to second
Batting: RHB Mikko Haataja 0-0: Ball
1-0: Ball
2-0: Swinging Strike
2-1: Foul Ball, location: 2F
2-2: Ball
3-2: Foul Ball, location: 2F
3-2: Foul Ball, location: 2F
3-2: Base on Balls
Batting: RHB Román Ramírez 0-0: Ball
1-0: Swinging Strike
1-1: Fielders Choice at 2nd, 6-4 (Groundball, 6, EV 83.8 MPH)
Carlos Mendoza scores
Arsenio Laurel to third
Batting: RHB Mario Castillo 0-0: Ball
1-0: Foul Ball, location: 2F
1-1: Fly out, F7 (Flyball, 7S, EV 90.6 MPH)
Top of the 2nd over - 3 runs, 3 hits, 0 errors, 2 left on base; Philadelphia 1776 3 - Chicago 0
BOTTOM OF THE 2ND
Chicago Silver Sox batting - Pitching for Philadelphia 1776 BC : RHP Yoo-chul Mun
Batting: RHB Fortunato Rasquinha 0-0: Ball
1-0: Ball
2-0: Called Strike
2-1: Ball
3-1: Fly out, F3 (Line Drive, 3, EV 54.4 MPH)
Batting: LHB Larry McLambroch 0-0: Ball
1-0: Called Strike
1-1: Swinging Strike
1-2: Foul Ball, location: 2F
1-2: Ball
2-2: Strikes out swinging
Batting: LHB Ashley Thachi 0-0: Called Strike
0-1: Ball
1-1: Foul Ball, location: 2F
1-2: Ball
2-2: Ball
3-2: Base on Balls
Batting: LHB Jayden Laming 0-0: Ball
1-0: Swinging Strike
1-1: Fielders Choice at 2nd, U4 (Groundball, 4M, EV 81.2 MPH)
Bottom of the 2nd over - 0 runs, 0 hits, 0 errors, 1 left on base; Philadelphia 1776 3 - Chicago 0
TOP OF THE 3RD
Philadelphia 1776 BC batting - Pitching for Chicago Silver Sox : RHP Joe Pruitt
Batting: LHB Jake Grant 0-0: Called Strike
0-1: Ball
1-1: Ground out 5-3 (Groundball, 56, EV 75.6 MPH)
Batting: RHB Karl Blanke 0-0: Foul Ball, location: 2F
0-1: Swinging Strike
0-2: Strikes out swinging
Batting: RHB Eddie Sachs 0-0: Ball
1-0: Foul Ball, location: 2F
1-1: Ground out 5-3 (Groundball, 56S, EV 86.2 MPH)
Top of the 3rd over - 0 runs, 0 hits, 0 errors, 0 left on base; Philadelphia 1776 3 - Chicago 0
BOTTOM OF THE 3RD
Chicago Silver Sox batting - Pitching for Philadelphia 1776 BC : RHP Yoo-chul Mun
Batting: SHB Bren Spillane 0-0: Foul Ball, location: 2F
0-1: Foul Ball, location: 2F
0-2: Foul Ball, location: 2F
0-2: Foul Ball, location: 2F
0-2: SINGLE (Line Drive, 7S, EV 101.2 MPH)
Batting: RHB Jeff Reed 0-0: Called Strike
0-1: Foul Ball, location: 2F
0-2: Ball
1-2: Strikes out swinging
Batting: SHB Gerrie Bond 0-0: Fly out, F9 (Flyball, 9S, EV 85.6 MPH)
Batting: LHB Jonathan Gunner 0-0: Foul Ball, location: 2F
0-1: Ball
1-1: Ball
2-1: Ball
3-1: Base on Balls
Bren Spillane to second
Batting: LHB Chris Fitzgerald 0-0: SINGLE (Line Drive, 6M, EV 106.9 MPH)
Bren Spillane to third
Jonathan Gunner to second
Runner from 3rd tries for Home, SAFE, no throw by CF
Batting: RHB Fortunato Rasquinha 0-0: Called Strike
0-1: Swinging Strike
0-2: Strikes out swinging
Bottom of the 3rd over - 1 run, 2 hits, 0 errors, 2 left on base; Philadelphia 1776 3 - Chicago 1
TOP OF THE 4TH
Philadelphia 1776 BC batting - Pitching for Chicago Silver Sox : RHP Joe Pruitt
Batting: RHB Carlos Mendoza 0-0: Ball
1-0: Ball
2-0: Fly out, F9 (Flyball, 9D, EV 108.8 MPH)
Batting: RHB Arsenio Laurel 0-0: Ball
1-0: Swinging Strike
1-1: Foul Ball, location: 2F
1-2: Strikes out swinging
Batting: RHB Gerold Olthof 0-0: Called Strike
0-1: Called Strike
0-2: Strikes out swinging
Top of the 4th over - 0 runs, 0 hits, 0 errors, 0 left on base; Philadelphia 1776 3 - Chicago 1
BOTTOM OF THE 4TH
Chicago Silver Sox batting - Pitching for Philadelphia 1776 BC : RHP Yoo-chul Mun
Batting: LHB Larry McLambroch 0-0: Ball
1-0: Called Strike
1-1: Fly out, F8 (Flyball, 8RS, EV 98.1 MPH)
Batting: LHB Ashley Thachi 0-0: Ground out 4-3 (Groundball, 4, EV 101.2 MPH)
Batting: LHB Jayden Laming 0-0: Ground out 1-3 (Groundball, 25, EV 69.4 MPH)
Bottom of the 4th over - 0 runs, 0 hits, 0 errors, 0 left on base; Philadelphia 1776 3 - Chicago 1
TOP OF THE 5TH
Philadelphia 1776 BC batting - Pitching for Chicago Silver Sox : RHP Joe Pruitt
Batting: RHB Mikko Haataja 0-0: Called Strike
0-1: Swinging Strike
0-2: Ground out 5-3 (Groundball, 56S, EV 76.9 MPH)
Batting: RHB Román Ramírez 0-0: Foul Ball, location: 2F
0-1: Ground out U3 (Groundball, 34, EV 99.4 MPH)
Batting: RHB Mario Castillo 0-0: SINGLE (Groundball, 6MD, EV 103.8 MPH)
Batting: LHB Jake Grant 0-0: Ball
1-0: Ball
2-0: Called Strike
2-1: Ground out 4-3 (Groundball, 34, EV 105.6 MPH)
Top of the 5th over - 0 runs, 1 hit, 0 errors, 1 left on base; Philadelphia 1776 3 - Chicago 1
BOTTOM OF THE 5TH
Chicago Silver Sox batting - Pitching for Philadelphia 1776 BC : RHP Yoo-chul Mun
Batting: SHB Bren Spillane 0-0: Foul Ball, location: 2F
0-1: DOUBLE (Line Drive, 7LD, EV 104.4 MPH)
Batting: RHB Jeff Reed 0-0: Called Strike
0-1: Ball
1-1: Fly out, F8 (Line Drive, 8LD, EV 91.9 MPH)
Batting: SHB Gerrie Bond 0-0: Called Strike
0-1: Ground out 6-3 (Groundball, 6, EV 92.5 MPH)
Bren Spillane to third
Batting: LHB Jonathan Gunner 0-0: Ball
1-0: Ball
2-0: Ball
3-0: Base on Balls
Batting: LHB Chris Fitzgerald 0-0: Called Strike
0-1: Ball
1-1: Swinging Strike
1-2: Ball
2-2: Ground out 4-3 (Groundball, 4, EV 108.1 MPH)
Bottom of the 5th over - 0 runs, 1 hit, 0 errors, 2 left on base; Philadelphia 1776 3 - Chicago 1
TOP OF THE 6TH
Philadelphia 1776 BC batting - Pitching for Chicago Silver Sox : RHP Joe Pruitt
Pitching: RHP Miguel Aguilar
Batting: RHB Karl Blanke 0-0: Ball
1-0: Foul Ball, location: 2F
1-1: Ground out 6-3 (Groundball, 56, EV 82.5 MPH)
Batting: RHB Eddie Sachs 0-0: Ball
1-0: Ball
2-0: Fly out, F8 (Flyball, 8RXD, EV 100.0 MPH)
Batting: RHB Carlos Mendoza 0-0: Ball
1-0: Called Strike
1-1: Fly out, F7 (Flyball, 7S, EV 83.8 MPH)
Top of the 6th over - 0 runs, 0 hits, 0 errors, 0 left on base; Philadelphia 1776 3 - Chicago 1
BOTTOM OF THE 6TH
Chicago Silver Sox batting - Pitching for Philadelphia 1776 BC : RHP Yoo-chul Mun
Batting: RHB Fortunato Rasquinha 0-0: Ball
1-0: Foul Ball, location: 2F
1-1: Called Strike
1-2: Strikes out looking
Batting: LHB Larry McLambroch 0-0: Called Strike
0-1: Swinging Strike
0-2: Ball
1-2: Ground out 2-3 (Groundball, 2L, EV 62.5 MPH)
Batting: LHB Ashley Thachi 0-0: Called Strike
0-1: Ball
1-1: Ball
2-1: Fly out, F6 (Line Drive, 6, EV 65.0 MPH)
Bottom of the 6th over - 0 runs, 0 hits, 0 errors, 0 left on base; Philadelphia 1776 3 - Chicago 1
TOP OF THE 7TH
Philadelphia 1776 BC batting - Pitching for Chicago Silver Sox : RHP Miguel Aguilar
Batting: RHB Arsenio Laurel 0-0: Foul Ball, location: 2F
0-1: Foul Ball, location: 2F
0-2: Ball
1-2: Strikes out looking
Batting: RHB Gerold Olthof 0-0: Foul Ball, location: 2F
0-1: Foul Ball, location: 2F
0-2: SINGLE (Groundball, 56D, EV 96.2 MPH)
Batting: RHB Mikko Haataja 0-0: Swinging Strike
0-1: Foul Ball, location: 2F
0-2: Strikes out swinging
Batting: RHB Román Ramírez 0-0: Ball
1-0: Swinging Strike
1-1: SINGLE (Line Drive, 4D, EV 95.0 MPH)
Gerold Olthof to second
Runner from 2nd tries for 3rd, SAFE, no throw by CF
Batting: RHB Mario Castillo 0-0: Ball
1-0: Fly out, F7 (Line Drive, 7, EV 95.6 MPH)
Top of the 7th over - 0 runs, 2 hits, 0 errors, 2 left on base; Philadelphia 1776 3 - Chicago 1
BOTTOM OF THE 7TH
Chicago Silver Sox batting - Pitching for Philadelphia 1776 BC : RHP Yoo-chul Mun
Batting: LHB Jayden Laming 0-0: Called Strike
0-1: Called Strike
0-2: Ball
1-2: SINGLE (Line Drive, 7S, EV 109.4 MPH)
Pitching: LHP Will Hoffman
Batting: SHB Bren Spillane 0-0: Grounds into double play, 6-4-3 (Groundball, 6, EV 90.0 MPH)
Batting: RHB Jeff Reed 0-0: Ball
1-0: Called Strike
1-1: Ball
2-1: Foul Ball, location: 2F
2-2: Ground out 1-3 (Groundball, 34S, EV 81.2 MPH)
Bottom of the 7th over - 0 runs, 1 hit, 0 errors, 0 left on base; Philadelphia 1776 3 - Chicago 1
TOP OF THE 8TH
Philadelphia 1776 BC batting - Pitching for Chicago Silver Sox : RHP Miguel Aguilar
Batting: LHB Jake Grant 0-0: Ball
1-0: Fly out, F7 (Flyball, 78D, EV 103.1 MPH)
Batting: RHB Karl Blanke 0-0: Ball
1-0: Called Strike
1-1: Ball
2-1: Ball
3-1: DOUBLE (Line Drive, 78M, EV 104.4 MPH)
Batting: RHB Eddie Sachs 0-0: Ball
1-0: Ground out 6-3 (Groundball, 6, EV 106.2 MPH)
Batting: RHB Carlos Mendoza 0-0: Foul Ball, location: 2F
0-1: Ball
1-1: Foul Ball, location: 2F
1-2: Strikes out swinging
Top of the 8th over - 0 runs, 1 hit, 0 errors, 1 left on base; Philadelphia 1776 3 - Chicago 1
BOTTOM OF THE 8TH
Chicago Silver Sox batting - Pitching for Philadelphia 1776 BC : LHP Will Hoffman
Batting: SHB Gerrie Bond 0-0: Ball
1-0: Fly out, F4 (Popup, 34, EV 53.8 MPH)
Batting: LHB Jonathan Gunner 0-0: DOUBLE (Line Drive, 3D, EV 97.5 MPH)
Batting: LHB Chris Fitzgerald 0-0: Ball
1-0: Ball
2-0: Called Strike
2-1: Swinging Strike
2-2: Foul Ball, location: 2F
2-2: Ball
3-2: Strikes out swinging
Batting: RHB Fortunato Rasquinha 0-0: Ball
1-0: Ground out 3-1 (Groundball, 34, EV 96.9 MPH)
Bottom of the 8th over - 0 runs, 1 hit, 0 errors, 1 left on base; Philadelphia 1776 3 - Chicago 1
TOP OF THE 9TH
Philadelphia 1776 BC batting - Pitching for Chicago Silver Sox : RHP Miguel Aguilar
Batting: RHB Arsenio Laurel 0-0: Called Strike
0-1: Ball
1-1: Called Strike
1-2: Foul Ball, location: 2F
1-2: Foul Ball, location: 2F
1-2: SINGLE (Line Drive, 6MD, EV 104.4 MPH)
Batting: RHB Gerold Olthof 0-0: Ball
1-0: Called Strike
1-1: Called Strike
1-2: SINGLE (Groundball, 6MD, EV 104.4 MPH)
Arsenio Laurel to second
Runner from 2nd tries for 3rd, SAFE, no throw by CF
Batting: RHB Mikko Haataja 0-0: Ball
1-0: Ball
2-0: Called Strike
2-1: SINGLE (Line Drive, 89S, EV 103.8 MPH)
Arsenio Laurel scores
Gerold Olthof to second
Runner from 2nd tries for 3rd, SAFE, no throw by RF
Pitching: LHP Fred Proctor
Batting: RHB Román Ramírez 0-0: Ball
Mikko Haataja is caught stealing 2nd base 2-4
1-0: Foul Ball, location: 2F
1-1: SINGLE (Groundball, 6MD, EV 95.6 MPH)
Gerold Olthof scores
Batting: RHB Mario Castillo 0-0: Ball
1-0: Ball
2-0: Called Strike
Román Ramírez steals 2nd, throwing error, E2
Román Ramírez to third
2-1: SINGLE (Groundball, 23, EV 74.4 MPH) (infield hit)
Batting: LHB Jake Grant 0-0: Foul Ball, location: 2F
0-1: Ball
1-1: Ball
2-1: Ball
3-1: Base on Balls
Mario Castillo to second
Batting: RHB Karl Blanke 0-0: Fly out, F9 (Line Drive, 9, EV 105.6 MPH)
Runner from 3rd tags up, SCORES, no throw by RF
Batting: RHB Eddie Sachs 0-0: Ball
1-0: Ball
2-0: Called Strike
2-1: Ball
3-1: Called Strike
3-2: Strikes out looking
Top of the 9th over - 3 runs, 5 hits, 1 error, 2 left on base; Philadelphia 1776 6 - Chicago 1
BOTTOM OF THE 9TH
Chicago Silver Sox batting - Pitching for Philadelphia 1776 BC : LHP Will Hoffman
Batting: LHB Larry McLambroch 0-0: Ball
1-0: Foul Ball, location: 2F
1-1: Ball
2-1: Foul Ball, location: 2F
2-2: Foul Ball, location: 2F
2-2: Ground out 6-3 (Groundball, 6MS, EV 68.1 MPH)
Batting: LHB Ashley Thachi 0-0: Called Strike
0-1: Ball
1-1: Ball
2-1: Called Strike
2-2: Foul Ball, location: 2F
2-2: Strikes out swinging
Batting: LHB Jayden Laming 0-0: Called Strike
0-1: Ground out U3 (Groundball, 3, EV 78.8 MPH)
Bottom of the 9th over - 0 runs, 0 hits, 0 errors, 0 left on base; Philadelphia 1776 6 - Chicago 1
Thursday, January 23rd, 2020 - OOTP Baseball 20.8 Build 74